 Dungeon Crawl Stone Soup version 0.29-a0-422-gafbd6decc1 (webtiles) character file.

Game seed: 12885020647729842393

693 bladeefan the Skirmisher (level 7, 0/85 HPs)
             Began as a Demonspawn Chaos Knight on May 19, 2022.
             Was a Plaything of Xom.
             Succumbed to a water moccasin's poison
             ... on level 5 of the Dungeon.
             The game lasted 00:11:12 (6500 turns).

bladeefan the Skirmisher (Demonspawn Chaos Knight)  Turns: 6500, Time: 00:11:12

Health: 0/85       AC: 23    Str: 12    XL:     7   Next: 37%
Magic:  7/7        EV:  2    Int: 14    God:    Xom [.....*]
Gold:   179        SH:  0    Dex: 12    Spells: 6/6 levels left

rFire   . . .      SeeInvis .   x - +1 flail
rCold   . . .      Faith    .   (no shield)
rNeg    . . .      Spirit   .   (body armour currently unavailable)
rPois   +          Reflect  .   (helmet currently unavailable)
rElec   .          Harm     .   (cloak currently unavailable)
rCorr   +          Rampage  .   (gloves currently unavailable)
Will    .....      NoTele   +   (boots currently unavailable)
Stlth   +.........              (no amulet)
HPRegen 0.24/turn               l - ring of resist corrosion
MPRegen 0.10/turn               (no ring)

@: mighty, lethally poisoned (0 -> -2), tree-form, attractive, hasted, very
quick
A: stationary, stasis, torment immunity, boosted hp, (horns 1), powered by pain
2, (sturdy frame 2), weak 1
a: Renounce Religion


You were on level 5 of the Dungeon.
You worshipped Xom.
You were Xom's teddy bear.
You were a tree.
You visited 1 branch of the dungeon, and saw 6 of its levels.

You collected 179 gold pieces.

Inventory:

Hand Weapons
 x - a +1 flail (weapon)
   (You found it on level 5 of the Dungeon)
Armour
 h - a +1 scale mail (melded)
   (You found it on level 1 of the Dungeon)
Jewellery
 l - a ring of resist corrosion (left branch)
   (You found it on level 2 of the Dungeon)
Wands
 d - a wand of iceblast (3)
   (You found it on level 4 of the Dungeon)
 t - a wand of flame (30)
   (You took it off Natasha on level 3 of the Dungeon)
Scrolls
 a - a scroll of teleportation {@r4}
 f - a scroll of torment {unknown}
 k - a scroll of enchant weapon
 m - 2 scrolls of blinking
 n - a scroll of immolation {!r}
 o - a scroll of vulnerability {!r}
 p - a scroll of enchant armour
 s - 3 scrolls of fog
 y - a scroll of poison {unknown}
Potions
 e - 2 potions of degeneration {!q}
Miscellaneous
 c - a piece from Xom's chessboard (15/15) (quivered)


   Skills:
 * Level 5.9 Fighting
 + Level 4.2 Maces & Flails
 + Level 3.7 Armour
 + Level 3.2 Dodging


You had 6 spell levels left.
You didn't know any spells.
Your spell library contained the following spells:

 Spells                   Type           Power      Damage    Failure   Level
 Corpse Rot               Necr/Air       0%         N/A       41%         2
 Poisonous Vapours        Pois/Air       0%         N/A       41%         2
 Iskenderun's Battlesphe  Conj           0%         2d6       100%        5
 Iron Shot                Conj/Erth      0%         9d1       100%        6
 Spellforged Servitor     Conj/Summ      0%         N/A       100%        7


Dungeon Overview and Level Annotations

Branches:
Dungeon (6/15)
 Temple: D:4-7

Altars:

Annotations:
D:4 2 transporters, petzl's ghost, amateur FoAM
D:6 1 transporter


Innate Abilities, Weirdness & Mutations

You are a tree.
Your roots penetrate the ground, keeping you stationary.
You cannot be teleported.
You are immune to unholy pain and torment.
Your maximum health is greatly increased.
Your equipment is partially melded.
((You have a pair of small horns on your head.))
You sometimes gain power by taking damage.
((Your movements are less encumbered by armour. (ER -4)))
You are weak. (Str -2)


Message History

The orc wizard gestures at you while chanting.
The puff of flame hits you but does no damage.
You barely miss the water moccasin.
* * * LOW HITPOINT WARNING * * *
You feel sick.
The orc wizard hits you but does no damage.
The water moccasin barely misses you.
You sock the water moccasin!
You kill the water moccasin!
* * * LOW HITPOINT WARNING * * *
You feel sick.
The orc wizard gestures wildly while chanting.
The orc wizard flickers and vanishes!
Deactivating autopickup; reactivate with Ctrl-A.
You cannot move.
Unknown command.
You cannot move.
You can't see any enemies this would affect, really read the scroll of fear?
As you read the scroll of fear, it crumbles to dust.
You assume a fearsome visage.
* * * LOW HITPOINT WARNING * * *
You feel sick.
You cannot move.
You cannot move.
You cannot move.
You cannot move.
You cannot move.
Unknown command.
You cannot move.
You cannot move.
There is a lethal amount of poison in your body!
There is a lethal amount of poison in your body!
There is a lethal amount of poison in your body!
Unknown command.
You cannot move.
You cannot move.
Okay, then.
As you read the scroll labelled MERIQICKYE, it crumbles to dust.
You hear a loud clanging noise!
It was a scroll of noise.
* * * LOW HITPOINT WARNING * * *
You feel sick. Something is attracted toward you.
Okay, then.
As you read the scroll labelled UBIOGU TIKKU, it crumbles to dust.
It is a scroll of enchant weapon.
Your +0 flail glows red for a moment.
As you read the scroll labelled NAEBRI HUIGEU, it crumbles to dust.
You feel momentarily disoriented.
It was a scroll of magic mapping.
You die...
Xom snickers!

##..##.###.## #.##########.#
...(##.##...## #......).....#
##.###.......# #............# #.#
####[..## #.##########.# #.#
#>).# #.# #######.# #.#
#[..####.####.......## #.#
#.....§.(............###♣ ##.#
#..##....####..####..##.. ...#
#......)♣...........##..♣ ...#
##.##....############...#
...#######.###.#>..........#♣..##
...........###.#############.<.#
##.............# #♣..##
############### #...# ##..♣ ##..
##♣


There were no monsters in sight!

Vanquished Creatures
  A water moccasin (D:5)
  A centaur (D:3)
  2 hounds (D:5)
  7 iguanas
  Natasha (thrice) (D:3)
  An orc wizard (D:5)
  7 adders
  A white imp (D:5)
  7 dart slugs
  12 orcs
  8 endoplasms
  7 goblins
  6 hobgoblins
  2 jackals (D:3)
  4 quokkas
  8 ball pythons
  5 bats
  3 frilled lizards
  10 kobolds
  3 rats
98 creatures vanquished.

Vanquished Creatures (others)
  3 plants (D:1)
3 creatures vanquished.

Grand Total: 101 creatures vanquished

Notes
Turn   | Place    | Note
-------+----------+-------------------------------------------
     0 | D:1      | bladeefan the Demonspawn Chaos Knight began the quest for
                  | the Orb.
     0 | D:1      | Reached XP level 1. HP: 18/18 MP: 1/1
    31 | D:1      | Reached skill level 1 in Dodging
   390 | D:1      | Gained mutation: Your movements are slightly less
                  | encumbered by armour. (ER -2) [demonic ancestry]
   390 | D:1      | Reached XP level 2. HP: 24/24 MP: 2/2
   425 | D:1      | XOM: silly message
   692 | D:1      | Gained mutation: You sometimes gain a little power by
                  | taking damage. [demonic ancestry]
   692 | D:1      | Reached XP level 3. HP: 29/29 MP: 3/3
   701 | D:1      | Found a faded altar of an unknown god.
  1530 | D:2      | XOM: silly message
  2053 | D:2      | Gained mutation: You have a pair of small horns on your
                  | head. [demonic ancestry]
  2053 | D:2      | Reached XP level 4. HP: 37/37 MP: 4/4
  2152 | D:3      | Noticed a centaur
  2157 | D:3      | XOM: potion effect (curing)
  2436 | D:3      | XOM: butterfly on damage
  2451 | D:3      | Killed a centaur
  2452 | D:3      | Reached skill level 4 in Fighting
  2452 | D:3      | Gained mutation: You sometimes gain power by taking damage.
                  | [demonic ancestry]
  2452 | D:3      | Reached XP level 5. HP: 16/43 MP: 5/5
  2476 | D:2      | XOM: noise
  2763 | D:3      | Noticed Natasha
  2770 | D:3      | Killed Natasha
  2852 | D:3      | XOM: 5-stop teleportation journey
  3099 | D:3      | XOM: 2-stop teleportation journey
  3387 | D:3      | Noticed Natasha
  3393 | D:3      | Killed Natasha
  3575 | D:3      | Noticed Natasha
  3583 | D:3      | Killed Natasha
  3844 | D:4      | Reached XP level 6. HP: 45/50 MP: 6/6
  3921 | D:4      | XOM: chaos upgrade
  4033 | D:4      | XOM: summons 1 hostile demon
  4067 | D:4      | XOM: summons 3 hostile shadow creatures
  4497 | D:4      | Reached skill level 5 in Fighting
  5117 | D:4      | Noticed petzl's ghost (amateur FoAM)
  5120 | D:4      | Found a transporter.
  5131 | D:4      | Found a transporter.
  5240 | D:4      | XOM: noise
  5327 | D:5      | Entered Level 5 of the Dungeon
  5414 | D:5      | XOM: 9-stop teleportation journey
  5488 | D:5      | XOM: give mutation
  5488 | D:5      | Gained mutation: You are weak. (Str -2) [Xom's mischief]
  5516 | D:5      | XOM: silly message
  6050 | D:5      | Gained mutation: Your movements are less encumbered by
                  | armour. (ER -4) [demonic ancestry]
  6050 | D:5      | Reached XP level 7. HP: 33/56 MP: 7/7
  6280 | D:6      | XOM: stealth player
  6295 | D:6      | Found a transporter.
  6448 | D:6      | XOM: summons friendly iron imp
  6480 | D:5      | XOM: enchant monster (good)
  6494 | D:5      | HP: 4/85 [poisoned by a water moccasin]
  6498 | D:5      | HP: 1/85 [poisoned by a water moccasin]
  6500 | D:5      | Succumbed to a water moccasin's poison

Illustrated notes

Levels and vault maps discovered:
D:1:      tarquinn_simple_flora_water_a, layout_rooms,
          shapermc_ecumenical_altar_mp_ritualfount, serial_aquarium,
          aquarium_bridge_straight [aquarium_subvault_bridge,
          aquarium_subvault_wall, aquarium_subvault_bridge,
          aquarium_subvault_wall], aquarium_window_1, aquarium_window_1,
          aquarium_view_2c, aquarium_view_4, aquarium_pool_2
D:2:      layout_basic
D:3:      layout_loops_ring, uniq_natasha
D:4:      layout_loops_ring, gammafunk_ghost_mausoleum, minmay_surrounded
D:5:      layout_loops_ring, grunt_ministairs_8
D:6:      layout_rooms, minmay_temple_entry_stoned_glass,
          gammafunk_ghost_abyssal_escape

Skill      XL: |  1  2  3  4  5  6 |
---------------+-------------------+-----
Dodging        | 1 2 3 |  3.2
Armour         | 2 3 |  3.7
Maces & Flails | 3 4 |  4.2
Fighting       | 4 5 |  5.9

Action                   |  1- 3 |  4- 6 |  7- 9 || total
-------------------------+-------+-------+-------++-------
Melee: Mace              |   124 |   204 |       ||   328
       Punch             |     1 |       |     1 ||     2
       Headbutt          |       |    36 |     3 ||    39
       Flail             |       |    17 |    48 ||    65
  Use: Scroll            |     2 |     7 |     5 ||    14
       Potion            |       |     3 |     7 ||    10
Armor: Leather armour    |    14 |       |       ||    14
       Scale mail        |    43 |   123 |    28 ||   194
       Skin              |       |       |    10 ||    10
Dodge: Dodged            |    62 |   161 |    52 ||   275

Table legend: (Time is in decaauts)
 A = Elapsed time spent in this place.
 B = Non-inter-level travel time spent in this place.
 C = Inter-level travel time spent in this place.
 D = Time resting spent in this place.
 E = Time spent auto-exploring this place.
 F = Levels seen in this place.
 G = Mean time per level.
                   A        B        C        D        E       F      G
               +--------+--------+--------+--------+--------+-----+--------+
         Total |   6596 |   6448 |    148 |   1332 |   4087 |   6 | 1099.3 |
       Dungeon |   6596 |   6448 |    148 |   1332 |   4087 |   6 | 1099.3 |
               +--------+--------+--------+--------+--------+-----+--------+

Top non-repeatable levels by time:
     D:2: 1676 daAuts
     D:3: 1432 daAuts
     D:4: 1341 daAuts
     D:5: 1135 daAuts
     D:1: 961 daAuts
     D:6: 50 daAuts
